 Dungeon Crawl Stone Soup version 0.23.2-40-g277498a001 (webtiles) character file.

Game seed: 14837231847438206075

15 Glamhuggeren the Ruffian (level 2, -3/25 HPs)
             Began as a Naga Transmuter on Oct 1, 2019.
             Slain by a leopard gecko (5 damage)
             ... on level 1 of the Dungeon.
             The game lasted 00:04:31 (1216 turns).

Glamhuggeren the Ruffian (Naga Transmuter)          Turns: 1216, Time: 00:04:32

Health: -3/25      AC:  1    Str: 12    XL:     2   Next: 50%
Magic:  5/5        EV: 10    Int: 13    God:
Gold:   38         SH:  0    Dex: 11    Spells: 4/5 levels left

rFire    . . .     SeeInvis +   e - +0 short sword
rCold    . . .     Gourm    .   (no shield)
rNeg     . . .     Faith    .   b - +0 robe
rPois    +         Spirit   .   (no helmet)
rElec    .         Reflect  .   (no cloak)
rCorr    .         Harm     .   (no gloves)
MR       .....                  (no barding)
Stlth    ++........             (no amulet)
HPRegen  0.08/turn              (no ring)
MPRegen  0.09/turn              (no ring)

@: short of breath, very slow
A: large, see invisible, deformed body, poison resistance, slowness 2, slow
metabolism 1, spit poison 1, AC +0
a: Spit Poison


You were on level 1 of the Dungeon.
You were not hungry.

You visited 1 branch of the dungeon, and saw 1 of its levels.

You collected 38 gold pieces.

Inventory:

Hand Weapons
 e - a +0 short sword (weapon)
Missiles
 a - 36 arrows
 c - 37 stones (quivered)
 g - 18 sling bullets
Armour
 b - a +0 robe (worn)
Scrolls
 f - a scroll of enchant armour {unknown}
 i - a scroll of teleportation {unknown}
Comestibles
 d - 4 rations


   Skills:
 - Level 1.0 Fighting
 + Level 1.8 Dodging
 * Level 2.0 Stealth
 - Level 3.0 Unarmed Combat
 + Level 2.1 Spellcasting
 + Level 2.2 Transmutations


You had 4 spell levels left.
You knew the following spells:

 Your Spells              Type           Power        Failure   Level  Hunger
a - Beastly Appendage     Tmut           #.....       10%         1    ##.....

Your spell library contained the following spells:

 Spells                   Type           Power        Failure   Level  Hunger
 Sticks to Snakes         Tmut           #.......     16%         2    ###....
 Spider Form              Tmut/Pois      #.........   43%         3    ####...
 Ice Form                 Ice/Tmut       #.......     85%         4    #####..
 Blade Hands              Tmut           #.........   95%         5    ######.


Dungeon Overview and Level Annotations

Branches:
Dungeon (1/15)

Altars:


Innate Abilities, Weirdness & Mutations

You cannot wear boots.
Your serpentine skin is tough. (AC +0)
You have supernaturally acute eyesight. (SInv)
Armour fits poorly on your strangely shaped body.
Your system is resistant to poisons. (rPois)
You cover ground very slowly.
You have a slow metabolism.
You can spit poison.


Message History

You completely miss the leopard gecko. The leopard gecko bites you.
You hit the leopard gecko but do no damage.
The leopard gecko barely misses you.
You hit the leopard gecko but do no damage.
The leopard gecko bites you. The leopard gecko barely misses you.
Press: ? - help, Shift-Dir - straight line, f - leopard gecko
Aim: a leopard gecko You fail to use your ability.
The leopard gecko barely misses you.
Press: ? - help, Shift-Dir - straight line, f/p - leopard gecko
Aim: a leopard gecko The splash of poison misses the leopard gecko.
You feel slightly more hungry. The leopard gecko bites you.
* * * LOW HITPOINT WARNING * * *
You aren't carrying any potions.
You closely miss the leopard gecko. The leopard gecko bites you.
* * * LOW HITPOINT WARNING * * *
You hit the leopard gecko.
The leopard gecko is almost dead.
The leopard gecko closely misses you. The leopard gecko bites you.
You die...

#()###.# #..#.## #)##
##..#.## #.# ........ #.#
#.#.#... #.# #.#....#
###.########## # #..#..
#............# #.#..##.
#......l.....# #.#..##.
#.....@......###....###
#...................#
#...............#...###
#.............#.......#
#...............>.....#
#####.....###............
#......#####..##.........
#..##.## #..##..........
##.##.#####.###.####.....


You could see a leopard gecko.

Vanquished Creatures
  3 hobgoblins (D:1)
  A ball python (D:1)
  2 bats (D:1)
  3 frilled lizards (D:1)
  2 goblins (D:1)
  4 kobolds (D:1)
15 creatures vanquished.

Notes
Turn   | Place    | Note
-------+----------+-------------------------------------------
     0 | D:1      | Glamhuggeren the Naga Transmuter began the quest for the
                  | Orb.
     0 | D:1      | Reached XP level 1. HP: 18/18 MP: 3/3
   502 | D:1      | Reached skill level 1 in Stealth
   780 | D:1      | Reached XP level 2. HP: 23/25 MP: 5/5
  1216 | D:1      | Slain by a leopard gecko

Skill      XL: |  1  2 |
---------------+-------+-----
Stealth        | 1 2 |  2.0
Fighting       | |  1.0
Dodging        | |  1.8
Unarmed Combat | |  3.0
Spellcasting   | |  2.1
Transmutations | |  2.2

Action                   || total
-------------------------++-------
Melee: Short sword       ||    70
       Unarmed           ||    10
       Headbutt          ||     2
Throw: Stone             ||    22
 Cast: Beastly Appendage ||     4
 Abil: Spit Poison       ||     2
 Stab: Sleeping          ||     1
Armor: Robe              ||    15
Dodge: Dodged            ||    40
